 Dungeon Crawl Stone Soup version 0.20.1-1-g8b1a95d (console) character file.

170 bli the Skirmisher (level 5, -2/64 HPs)
             Began as a Demonspawn Abyssal Knight on Aug 10, 2017.
             Was a Believer of Lugonu.
             Slain by a kobold
             ... wielding a +0 whip
              (3 damage)
             ... in a sewer.
             The game lasted 00:08:43 (1730 turns).

bli the Skirmisher (Demonspawn Abyssal Knight)      Turns: 1730, Time: 00:08:44

Health: -2/64      AC:  6    Str: 17    XL:     5   Next: 26%
Magic:  5/6        EV: 11    Int: 14    God:    Lugonu [**....]
Gold:   116        SH:  0    Dex: 13    Spells: 4/4 levels left

rFire    . . .     SeeInvis .   u - +1 dagger (vamp)
rCold    . . .     Gourm    .   (no shield)
rNeg     . . .     Faith    .   m - +0 leather armour
rPois    .         Spirit   .   (no helmet)
rElec    .         Reflect  .   k - +0 cloak
rCorr    .         Harm     .   (no gloves)
MR       .....                  (no boots)
Stlth    ..........             i - amulet of regeneration
Regen    0.6/turn               (no ring)
MPRegen  0.1/turn               (no ring)

@: berserking, lethally poisoned (-2 -> -15), very quick
A: yellow scales 1
a: Depart the Abyss, Bend Space, Renounce Religion


You were in a sewer.
You worshipped Lugonu.
Lugonu was pleased with you.
You were not hungry.

You visited 1 branch of the dungeon, and saw 3 of its levels.
You visited the Abyss 1 time.
You also visited: Sewer.

You collected 116 gold pieces.

Inventory:

Hand Weapons
 a - a +2 dagger of flaming
 b - a +1 short sword
 s - a +1 hand axe of chopping
 u - a +1 vampiric dagger (weapon)
Missiles
 l - 64 stones (quivered)
Armour
 k - a +0 cloak (worn)
 m - a +0 leather armour (worn)
Jewellery
 i - an amulet of regeneration (around neck)
Scrolls
 e - 4 scrolls of teleportation {unknown}
 f - a scroll of identify {unknown}
 o - a scroll of remove curse
 r - a scroll of magic mapping {unknown}
Potions
 d - 3 potions of berserk rage
 g - 2 potions of ambrosia {unknown}
 j - a potion of might {unknown}
 q - a potion of curing {unknown}
 t - a potion of heal wounds {unknown}
Comestibles
 c - a chunk of flesh
 n - 2 royal jellies
 p - 2 meat rations


   Skills:
 * Level 4.8 Fighting
 * Level 3.1 Short Blades
 - Level 2.0 Armour
 * Level 1.4 Dodging
 + Level 0.4 Stealth
 + Level 2.6 Invocations


You had 4 spell levels left.
You didn't know any spells.

Dungeon Overview and Level Annotations

Branches:
Dungeon (3/15)

Altars:
Dithmenos


Innate Abilities, Weirdness & Mutations

You are partially covered in yellow scales. (AC +2)


Message History

You are more poisoned.
* * * LOW HITPOINT WARNING * * *
You feel very sick.
You hit the kobold but do no damage.
* * * LOW HITPOINT WARNING * * *
You feel sick.
You closely miss the kobold.
* * * LOW HITPOINT WARNING * * *
You feel sick.
The kobold unwields an uncursed blowgun.
The kobold wields an uncursed whip.
The kobold hits you with an uncursed whip.
* * * LOW HITPOINT WARNING * * *
It was a potion of berserk rage.
A red film seems to cover your vision as you go berserk!
You feel yourself moving faster!
You feel mighty!
* * * LOW HITPOINT WARNING * * *
You feel sick.
The kobold hits you with an uncursed whip.
You die...

#≈ #≈## ##≈≈# #≈≈≈#
#≈≈≈# #≈≈≈# #≈≈≈#
##≈≈(## #.≈≈(.#
###(≈≈≈.# #∩.@≈≈≈.#
###K≈≈≈≈# #.≈≈K.#
##≈≈≈≈(##
#..≈≈≈.≈###########
#..≈≈≈(≈(≈(≈≈≈≈≈≈≈≈
#≈.≈≈≈((###########
#..≈≈≈.(# #.≈≈≈≈≈.#
#≈≈≈≈≈≈.# #.≈≈≈≈≈.#


You could see a big kobold and a kobold.

Vanquished Creatures
  Terence (D:2)
  Jessica (D:2)
  5 adders
  A river rat (Sewer)
  2 worms (D:3)
  2 dart slugs (D:1)
  3 leopard geckos
  2 ball pythons
  3 bats
  3 giant cockroaches
  9 hobgoblins
  A jackal (Sewer)
  2 frilled lizards (D:1)
  7 goblins
  5 kobolds
  6 rats
53 creatures vanquished.

Notes
Turn   | Place    | Note
-------+----------+-------------------------------------------
     0 | Abyss:1  | bli the Demonspawn Abyssal Knight began the quest for the Orb.
     0 | Abyss:1  | Reached XP level 1. HP: 18/18 MP: 2/2
    41 | Abyss:1  | Noticed a smoke demon
    42 | D:1      | Escaped the Abyss
   258 | D:1      | Reached skill level 1 in Dodging
   451 | D:1      | Gained mutation: You are partially covered in yellow scales. (AC +2) [demonic ancestry]
   451 | D:1      | Reached XP level 2. HP: 24/24 MP: 3/3
   699 | D:1      | Reached * piety under Lugonu
   853 | D:1      | Reached XP level 3. HP: 28/30 MP: 4/4
  1070 | D:2      | Noticed Jessica
  1079 | D:2      | Killed Jessica
  1079 | D:2      | Reached skill level 4 in Fighting
  1125 | D:2      | Found a shadowy altar of Dithmenos.
  1191 | D:2      | Reached XP level 4. HP: 33/37 MP: 5/5
  1215 | D:2      | Noticed Terence
  1253 | D:2      | Killed Terence
  1371 | D:2      | Reached XP level 5. HP: 39/43 MP: 6/6
  1562 | D:3      | Found a glowing drain.
  1626 | Sewer    | Entered a sewer
  1628 | Sewer    | Reached ** piety under Lugonu
  1729 | Sewer    | HP: 2/43 [kobold/uncursed whip (2)]
  1730 | Sewer    | Slain by a kobold

Skill      XL: |  1  2  3  4  5 |
---------------+----------------+-----
Dodging        | 1 |  1.4
Armour         | 2 |  2.0
Short Blades   | 2 3 |  3.1
Fighting       | 4 |  4.8
Stealth        | |  0.4
Invocations    | |  2.6

Action                   |  1- 3 |  4- 6 || total
-------------------------+-------+-------++-------
Melee: Short sword       |    62 |       ||    62
       Dagger            |    49 |   138 ||   187
Invok: Depart the Abyss  |     1 |       ||     1
       Bend Space        |       |     1 ||     1
  Use: Scroll            |       |     1 ||     1
       Potion            |       |     1 ||     1
 Stab: Sleeping          |     1 |     2 ||     3
  Eat: Chunk             |     1 |     2 ||     3
       Bread ration      |       |     1 ||     1
Armor: Leather armour    |    30 |    34 ||    64
Dodge: Dodged            |    54 |    52 ||   106
